 Dungeon Crawl Stone Soup version 0.32-a0-996-gb3226c233f (webtiles) character file.

Game seed: 624020796280130968

924 Cancer the Changeling (level 8, -1/51 HPs)
             Began as an Octopode Shapeshifter on Apr 23, 2024.
             Was a Follower of Wu Jian.
             Slain by an orc wizard
             ... wielding a +0 dagger
              (2 damage)
             ... on level 5 of the Dungeon.
             The game lasted 00:11:48 (4560 turns).

Cancer the Changeling (Octopode Shapeshifter)       Turns: 4560, Time: 00:11:49

Health: -1/51      AC:  1    Str: 15    XL:     8   Next: 10%
Magic:  8/8        EV: 16    Int: 12    God:    Wu Jian [*.....]
Gold:   207        SH:  0    Dex: 12    Spells: 7/7 levels left

rFire   + .          .
                       - Unarmed
rCold   . . .        (shield currently unavailable)
rNeg    . . .        (helmet restricted)
rPois   .            (no amulet)
rElec   .            p - ring of protection from fire
rCorr   .            (no ring)
SInv    .            (no ring)
Will    .....        (no ring)
Stlth   ++           (no ring)
HPRegen 0.28/turn    (no ring)
MPRegen 0.11/turn    (no ring)
                     (no ring)

%: no passive effects
@: flux-form, glowing
A: glow, contaminating, almost no armour, amphibious, 8 rings, camouflage 1,
gelatinous body 1, (nimble swimmer 1), tentacles
a: Begin Untransformation, Renounce Religion


You were on level 5 of the Dungeon.
You worshipped Wu Jian.
Wu Jian was aware of your devotion.
You were something dangerously unstable.
You visited 2 branches of the dungeon, and saw 6 of its levels.

You collected 207 gold pieces.

Inventory:

Jewellery
 p - a ring of protection from fire (left tentacle)
Talismans
 b - a beast talisman
 c - a flux talisman (active)
 i - a serpent talisman
Wands
 o - a wand of flame (11)
Scrolls
 j - a scroll of teleportation {unknown}
 l - a scroll of fog {unknown}
 m - a scroll of identify {unknown}
Potions
 a - a potion of lignification
 d - a potion of resistance {unknown}
 e - 2 potions of enlightenment {unknown}
 g - a potion of might {unknown}
 k - 3 potions of heal wounds {unknown}
 n - a potion of haste {unknown}
 q - a potion of curing {unknown}
 r - a potion of brilliance {unknown}


   Skills:
 + Level 2.5 Fighting
 + Level 3.1 Dodging
 + Level 4.0 Stealth
 + Level 3.8 Unarmed Combat
 + Level 7.3 Shapeshifting


You had 7 spell levels left.
You didn't know any spells.
Your spell library contained the following spells:

 Spells                   Type           Power      Damage    Failure   Level
 Call Canine Familiar     Summ           0%         N/A       69%         3
 Sigil of Binding         Hex            0%         N/A       69%         3
 Dimensional Bullseye     Hex/Tloc       0%         N/A       97%         4


Dungeon Overview and Level Annotations

Branches:
Dungeon (5/15)             Temple (1/1) D:4

Altars:
Ashenzari
Cheibriados
Dithmenos
Elyvilon
Fedhas
Gozag
Hepliaklqana
Kikubaaqudgha
Makhleb
Nemelex Xobeh
Okawaru
Qazlal
Ru
Sif Muna
Trog
Uskayaw
Vehumet
Wu Jian
Xom
Yredelemnul
The Shining One

Annotations:
D:4 exclusion: door, Dowan, Duvessa
D:5 imp,orcs


Innate Abilities, Weirdness & Mutations

You are something dangerously unstable.
You glow with magical radiation, making you easy to see and hit.
Foes you strike become dangerously contaminated with magical radiation.
You are incapable of wielding weapons or throwing items.
You cannot wear most types of armour.
You are amphibious.
You can wear up to eight rings at the same time.
Your skin changes colour to match your surroundings (Stealth+).
Your rubbery body absorbs attacks. (AC +1, EV +1)
((You are camouflaged when in or above water. (Stealth+)))
You have tentacles for arms and can constrict up to eight enemies at once.


Message History

It is a scroll of enchant weapon.
You aren't carrying any weapons that can be enchanted.
The orc priest calls upon Beogh to heal the orc.
The orc's wounds heal themselves!
The orc wizard closely misses you. The gnoll closely misses you.
The orc completely misses you.
The air fills with toxic fumes!
As you read the scroll labelled QIKHUI SELA, it crumbles to dust.
It was a scroll of poison.
The jelly misses you. The orc barely misses you. The gnoll misses you.
The orc priest invokes the aid of Beogh against you.
You struggle to resist.
The gnoll misses you. The orc wizard casts a spell at you.
The puff of flame hits you. You resist.
Press: ? - help, v - describe, . - travel The floor.
There is a cloud of poison gas here.
Unknown command.
You tentacle-slap the orc priest.
The orc priest begins to glow.
Your grab misses the orc priest.
You squeeze the orc priest, but do no damage.
The orc priest is moderately wounded.
The jelly hits you.
You are splashed with acid!
* * * LOW HITPOINT WARNING * * *
The orc priest closely misses you.
The gnoll hits you from afar with a +0 halberd.
* * * LOW HITPOINT WARNING * * *
The orc wizard closely misses you. The gnoll barely misses you.
The orc hits you with a +0 whip.
* * * LOW HITPOINT WARNING * * *
Unknown command.
You tentacle-slap the orc priest.
The orc priest glows dangerously bright.
You grab the orc priest.
The orc priest is moderately wounded.
You constrict the orc priest. The jelly hits you but does no damage.
The orc priest closely misses you.
The gnoll hits you from afar with a +0 halberd!
* * * LOW HITPOINT WARNING * * *
The orc wizard hits you with a +0 dagger.
You die...

.# .
##.......#.....
...#.....§§§##....
#.. .........§§§#
... #..
..........§§# ..
##.. ...........5#
#... .#.#......#o#
#... # #...o{.#{#
.. ......###J#####
.##### #....5.#
#§po§§# ......
#......# ##oog§#
...... #......#
#g§g§# ......
..... §§g§§§§
...... #§§§§§##
[..... ##§§§§#
...... §§§§#
#.#... #§§§# .
...# ....


You could see a jelly, an orc priest (heavy contam), an orc wizard, 4 gnolls, a
white imp and 2 orcs.

Vanquished Creatures
  Sigmund (D:4)
  A centaur (D:5)
  A phantom (D:4)
  Blork the orc (D:4)
  A jelly (D:4)
  2 hounds (D:4)
  2 orc priests (D:4)
  3 iguanas
  A sleepcap (D:5)
  Natasha (thrice) (D:3)
  2 orc wizards
  Robin (D:3)
  4 adders
  3 dart slugs
  A ribbon worm (D:3)
  12 orcs
  5 ball pythons (D:1)
  8 endoplasms
  3 giant cockroaches
  11 goblins
  13 hobgoblins
  5 jackals
  6 kobolds
  3 quokkas
  6 bats
  2 frilled lizards (D:1)
  A rat (D:1)
102 creatures vanquished.

Notes
Turn   | Place    | Note
-------+----------+-------------------------------------------
     0 | D:1      | Cancer the Octopode Shapeshifter began the quest for the
                  | Orb.
     0 | D:1      | Reached XP level 1. HP: 13/13 MP: 1/1
    59 | D:1      | Reached skill level 1 in Stealth
   105 | D:1      | Reached XP level 2. HP: 12/18 MP: 2/2
   407 | D:1      | Reached XP level 3. HP: 19/23 MP: 3/3
   816 | D:2      | Reached skill level 4 in Shapeshifting
   831 | D:2      | Reached XP level 4. HP: 25/28 MP: 4/4
   906 | D:2      | Found a faded altar of an unknown god.
   952 | D:2      | Identified the +2 ring mail of the Devil's Team {Rampage
                  | rN+}
  1708 | D:3      | Noticed Robin
  1713 | D:3      | Noticed Natasha
  2287 | D:3      | You fall into a shaft and drop 1 floor!
  2296 | D:4      | Noticed Blork the orc
  2297 | D:4      | Found a hazy altar of Hepliaklqana.
  2300 | D:4      | Killed Blork the orc
  2301 | D:4      | Reached skill level 5 in Shapeshifting
  2301 | D:4      | Reached XP level 5. HP: 33/33 MP: 5/5
  2307 | D:4      | Found an ornate altar of the Wu Jian Council.
  2321 | D:4      | Reached XP level 6. HP: 3/38 MP: 6/6
  2376 | D:4      | Became a worshipper of the Wu Jian Council
  2646 | D:4      | Found a staircase to the Ecumenical Temple.
  2656 | D:4      | Reached skill level 6 in Shapeshifting
  2659 | Temple   | Entered the Ecumenical Temple
  2840 | D:4      | Noticed Sigmund
  2912 | D:4      | Killed Sigmund
  2913 | D:4      | Reached skill level 7 in Shapeshifting
  2913 | D:4      | Reached XP level 7. HP: 36/43 MP: 7/7
  3412 | D:4      | Reached * piety under Wu Jian
  3502 | D:4      | Noticed Duvessa
  3502 | D:4      | Noticed Dowan
  3660 | D:3      | Killed Natasha
  3675 | D:3      | Noticed Natasha
  3934 | D:3      | Killed Natasha
  4020 | D:3      | Noticed Natasha
  4028 | D:3      | Killed Natasha
  4095 | D:3      | Killed Robin
  4352 | D:5      | Entered Level 5 of the Dungeon
  4385 | D:5      | Found a radiant altar of Vehumet.
  4385 | D:5      | Found a sparkling altar of Nemelex Xobeh.
  4489 | D:5      | Reached XP level 8. HP: 32/51 MP: 8/8
  4560 | D:5      | HP: 1/51 [gnoll/+0 halberd (8)]
  4560 | D:5      | Slain by an orc wizard

Illustrated notes

Levels and vault maps discovered:
D:1:      lemuel_arrival_hallway, layout_loops_ring
D:2:      layout_basic, dreamdust_ecumenical_altar_angels_and_demons
D:3:      layout_basic, uniq_robin, uniq_natasha
D:4:      layout_loops_ring, mainiacjoe_overflow_large_starburst,
          minmay_temple_entry_fiery, grunt_tough_drop, uniq_blork_the_orc,
          uniq_sigmund, uniq_duvessa
D:5:      layout_basic, grunt_temple_overflow_open, gup_sewer_entry_spiral
Temple:   bh_familiar_temple

Skill      XL: |  1  2  3  4  5  6  7  8 |
---------------+-------------------------+-----
Stealth        | 1 2 3 4 |  4.0
Shapeshifting  | 4 5 7 |  7.3
Fighting       | 2 |  2.5
Dodging        | 3 |  3.1
Unarmed Combat | |  3.8

Action                     |  1- 3 |  4- 6 |  7- 9 || total
---------------------------+-------+-------+-------++-------
  Melee: Unarmed           |    40 |    77 |   101 ||   218
         Tentacles         |     7 |    12 |    24 ||    43
         Constrict         |    10 |    21 |    31 ||    62
         Punch             |     1 |     1 |     1 ||     3
Ability: Lunge             |       |     5 |    13 ||    18
    Use: Scroll            |       |       |     2 ||     2
   Stab: Sleeping          |     3 |    11 |     1 ||    15
 Armour: Skin              |    23 |    38 |    59 ||   120
  Dodge: Dodged            |    20 |    22 |    81 ||   123
   Form: Flux              |       |       |     1 ||     1

Table legend: (Time is in decaauts)
 A = Elapsed time spent in this place.
 B = Non-inter-level travel time spent in this place.
 C = Inter-level travel time spent in this place.
 D = Time resting spent in this place.
 E = Time spent auto-exploring this place.
 F = Levels seen in this place.
 G = Mean time per level.
                   A        B        C        D        E       F      G
               +--------+--------+--------+--------+--------+-----+--------+
         Total |   4557 |   4090 |    467 |    482 |   2553 |   6 |  759.5 |
       Dungeon |   4556 |   4089 |    467 |    482 |   2553 |   5 |  911.2 |
        Temple |      1 |      1 |      0 |      0 |      0 |   1 |    1.0 |
               +--------+--------+--------+--------+--------+-----+--------+

Top non-repeatable levels by time:
     D:2: 1396 daAuts
     D:4: 1232 daAuts
     D:3: 973 daAuts
     D:1: 769 daAuts
     D:5: 183 daAuts
  Temple: 1 daAuts
